 Dungeon Crawl Stone Soup version 0.28.0-53-g5a82cb258f (webtiles) character file.

Game seed: 14627014309989263599

25 Stomo the Skirmisher (level 2, -2/27 HPs)
             Began as a Draconian Monk on July 4, 2022.
             Slain by Jessica
             ... wielding a +0 club
              (5 damage)
             ... on level 1 of the Dungeon.
             The game lasted 00:01:40 (852 turns).

Stomo the Skirmisher (Draconian Monk)                Turns: 852, Time: 00:01:41

Health: -2/27      AC:  4    Str: 19    XL:     2   Next: 82%
Magic:  2/2        EV: 12    Int: 10    God:
Gold:   7          SH:  0    Dex: 13    Spells: 1/1 levels left

rFire   . . .      SeeInvis .   a - +0 mace
rCold   . . .      Faith    .   (no shield)
rNeg    . . .      Spirit   .   (armour unavailable)
rPois   +          Reflect  .   (helmet restricted)
rElec   .          Harm     .   (no cloak)
rCorr   .          Rampage  .   (no gloves)
Will    .....                   (no boots)
Stlth   ++........              (no amulet)
HPRegen 0.09/turn               b - ring of poison resistance
MPRegen 0.08/turn               c - +6 ring of strength

@: flying
A: AC +4, unfitting armour, cold-blooded
a: no special abilities


You were on level 1 of the Dungeon.
You visited 1 branch of the dungeon, and saw 2 of its levels.

You collected 7 gold pieces.

Inventory:

Hand Weapons
 a - a +0 mace (weapon)
Jewellery
 b - a ring of poison resistance (left hand)
 c - a +6 ring of strength (right hand)


   Skills:
 + Level 3.7 Fighting
 + Level 3.3 Maces & Flails
 + Level 3.0 Dodging
 - Level 1.7 Stealth


You had one spell level left.
You didn't know any spells.
Your spell library was empty.

Dungeon Overview and Level Annotations

Branches:
Dungeon (2/15)

Altars:

Shops:
D:2 *

Annotations:
D:1 Jessica


Innate Abilities, Weirdness & Mutations

Your plain brown scales are hard. (AC +4)
You cannot fit into any form of body armour.
You are cold-blooded and may be slowed by cold attacks.


Message History

You thump the adder!
You kill the adder!
Your Dodging skill increases to level 3!
Jessica mumbles some strange words.
Jessica blinks!
Jessica is nearby!
Okay, then.
You start resting.
Something hits your rat.
You start resting.
Your rat barely misses Jessica.
Jessica is nearby!
Jessica is nearby!
Jessica hits your rat with a +0 club.
Your rat dies!
Your rat's corpse dissolves into shadows!
Jessica gestures wildly while chanting.
Jessica blinks!
You swap places.
Jessica misses you.
Your bat hits Jessica. Jessica barely misses you.
Your bat barely misses Jessica.
You barely miss Jessica.
Jessica is lightly wounded.
Jessica hits you with a +0 club.
* * * LOW HITPOINT WARNING * * *
Your bat hits Jessica but does no damage.
Jessica barely misses you.
You hit Jessica but do no damage.
Your bat dissolves into shadows!
Jessica barely misses you. Jessica hits you with a +0 club.
* * * LOW HITPOINT WARNING * * *
Unknown command.
It was a potion of flight.
You feel very buoyant.
You fly up into the air.
Jessica misses you.
Unknown command.
You aren't carrying any scrolls.
Unknown command.
You hit Jessica.
Jessica is lightly wounded.
Jessica hits you with a +0 club.
You die...

.###.#.....##.##.### #.#
.......###.##.##...# #.#
........##.##...##.# #.#
.....#..##.####.##.# #.#
.###.#.....# #....###.#
.....#.##########....#.#
######.# #...@...#.#.#.#
...###.###.#####@#.#.#.##
...+............@..†>...#
...###.###.###########..#
...# #.# #..............#
#### #.# ###.....######.#
#.# #.#....# #.# #.#
#.#.#..#####.#
######.#####.#..........#
.....................####
......######.#..###.#...#


You could see Jessica (fast).

Vanquished Creatures
  An adder (D:1)
  2 endoplasms (D:1)
  2 giant cockroaches (D:1)
  4 hobgoblins (D:1)
  2 kobolds (D:1)
  A ball python (D:1)
  A bat (D:1)
  A frilled lizard (D:1)
  A rat (D:1)
15 creatures vanquished.

Notes
Turn   | Place    | Note
-------+----------+-------------------------------------------
     0 | D:1      | Stomo the Draconian Monk began the quest for the Orb.
     0 | D:1      | Reached XP level 1. HP: 19/19 MP: 1/1
   253 | D:1      | Reached XP level 2. HP: 13/26 MP: 2/2
   580 | D:1      | Found a faded altar of an unknown god.
   816 | D:2      | Noticed Jessica
   816 | D:2      | Found Buqi Ogo's Assorted Antiques.
   852 | D:1      | Slain by Jessica

Illustrated notes

Levels and vault maps discovered:
D:1:      dpeg_arrival_rooms_a, layout_basic,
          shapermc_ecumenical_altar_totnotflames
D:2:      layout_rooms, serial_shops, shop, shop, minmay_door_square,
          st_stairs_9, kennysheep_boxes, uniq_jessica

Skill      XL: |  1  2 |
---------------+-------+-----
Dodging        | 3 |  3.0
Fighting       | |  3.7
Maces & Flails | |  3.3
Stealth        | |  1.7

Action                   || total
-------------------------++-------
Melee: Mace              ||    52
       Tailslap          ||     5
       Punch             ||     1
  Use: Scroll            ||     1
       Potion            ||     1
 Stab: Sleeping          ||     2
Armor: Skin              ||    19
Dodge: Dodged            ||    47
